 Dungeon Crawl Stone Soup version bcrawl-1.39.1 (webtiles) character file.

Game seed: 1881852188511414064

355666 kosoiffoigrumme1174 the Covert (level 9, -1/49 HPs)
             Began as a Mana Stalker Chaos Knight on Aug 12, 2023.
             Was a Plaything of Xom.
             Killed by drain life
             ... invoked by a soul eater
             ... summoned by the capriciousness of Xom
              (15 damage)
             ... on level 6 of the Dungeon.
             The game lasted 00:12:57 (4798 turns).

kosoiffoigrumme1174 the Covert (VSCK)               Turns: 4798, Time: 00:12:58

Health: -1/49      AC: 10    Str: 14      XL:     9   Next: 62%
Magic:  10/10      EV: 11    Int: 12      God:    Xom [....*.]
Gold:   397        SH:  0    Dex: 15 (18) Spells: 8/8 levels left

rFire    . . .     GDR:     27% a - +1 dagger (venom)
rCold    . . .     SeeInvis +   (no shield)
rNeg     . . .     Gourm    .   q - +3 leather armour
rPois    .         Faith    .   l - +0 helmet
rElec    +         Spirit   .   (no cloak)
rCorr    .         Reflect  .   m - +2 pair of gloves
MR       +....     Clarity  +   (no boots)
Stlth    +++++.....             (no amulet)
HPRegen  0.58/turn              u - ring of insulation
MPRegen  0.12/turn              v - ring of see invisible

@: drained
A: fangs 3, talons 2, blink, clarity, magic resistance 1, regeneration 1,
antimagic bite, no potion heal 3, rot immunity, strong jaws
a: Blink, Renounce Religion


You were on level 6 of the Dungeon.
You worshipped Xom.
You were a beloved toy of Xom.
You were not hungry.

You visited 1 branch of the dungeon, and saw 6 of its levels.

You collected 397 gold pieces.

Inventory:

Hand Weapons
 a - a +1 dagger of venom (weapon)
 b - a +4 hunting sling
Missiles
 f - 1884 stones
 j - 1784 sling bullets
 n - 144 poisoned tomahawks (quivered)
 y - 150 exploding tomahawks
Armour
 l - a +0 helmet (worn)
 m - a +2 pair of gloves (worn)
 q - a +3 leather armour (worn)
Jewellery
 u - a ring of insulation (left hand)
 v - a ring of see invisible (right hand)
Wands
 o - a wand of random effects (10)
 w - a wand of digging (5)
Scrolls
 c - 4 scrolls of teleportation
 h - 6 scrolls of remove curse
 i - 2 scrolls of identify
 k - 2 scrolls of blinking
 t - a scroll of fear {unknown}
 x - a scroll of torment {unknown}
 z - a scroll of amnesia {unknown}
 A - a scroll of silence {unknown}
Potions
 d - 3 potions of curing
 g - a potion of flight {unknown}
 p - a potion of ambrosia {unknown}
 r - a potion of agility
 s - a potion of brilliance {unknown}
Comestibles
 e - 8 rations {!d}


   Skills:
 - Level 2.6(1.8) Fighting
 + Level 4.0(3.1) Short Blades
   Level 2.6(1.8) Axes
 - Level 0.7(0.0) Armour
 - Level 2.1(1.3) Dodging
 - Level 12.8(11.7) Stealth
 - Level 7.2(6.2) Unarmed Combat


You had 8 spell levels left.
You didn't know any spells.
Your spell library contained the following spells:

 Spells                   Type           Power        Failure   Level  Hunger
 Slow                     Hex            #.......     38%         1    None
 Ensorcelled Hibernation  Hex/Ice        #.....       54%         2    ####...
 Passwall                 Tmut/Erth      #.......     54%         2    ####...
 Confuse                  Hex            #.......     77%         3    #####..
 Dazzling Orbs            Conj/Hex       #......      77%         3    #####..
 Tukima's Dance           Hex            #.......     77%         3    #####..
 Cause Fear               Hex            #.........   99%         4    ######.
 Lightning Bolt           Conj/Air       #.......     99%         4    ######.
 Summon Lightning Spire   Summ/Air       #.......     100%        5    #######
 Shatter                  Erth           #.........   100%        9    #######


Dungeon Overview and Level Annotations

Branches:
Dungeon (6/12)
 Temple: D:4-7

Altars:
Fedhas
Hepliaklqana
Lugonu
Makhleb
Nemelex Xobeh
Sif Muna
Vehumet
Wu Jian
Xom
The Shining One


Innate Abilities, Weirdness & Mutations

You have razor-sharp teeth.
You are resistant to hostile enchantments. (MR+)
Your natural rate of healing is unusually fast.
Your bite disrupts and absorbs the magic of your enemies.
Potions cannot restore your health.
You are immune to rotting.
Your bites deal extra damage.
You have razor-sharp toenails.
You can translocate small distances at will.
You possess an exceptional clarity of mind.


Message History

You hit the soul eater but do no damage.
You bite the soul eater, but do no damage.
The soul eater closely misses you.
You barely miss the soul eater. You barely miss the soul eater.
You claw the soul eater.
The soul eater is lightly wounded.
The soul eater hits you!!
You hit the soul eater but do no damage.
You claw the soul eater, but do no damage.
The soul eater hits you.
You feel drained.
You hit the soul eater but do no damage.
You claw the soul eater.
The soul eater is lightly wounded.
The soul eater hits you!
You feel drained.
* * * LOW HITPOINT WARNING * * *
Okay, then.
You blink.
You feel slightly more hungry.
The soul eater draws from the surrounding life force!
You die... "Huh?
Did I miss anything?"

#### .
#..######....
##....<.......
#....########.
###.## #@##
##.## ##.##
##3## ##.## #
##.### ?#
##.)##..##
#.......#
##.........


You could see a soul eater.

Vanquished Creatures
  Pikel (D:4)
  Eustachio (D:4)
  A hungry ghost (D:4)
  Menkaure (D:4)
  Duvessa (D:4)
  3 ice beasts
  3 ogres
  2 slaves
  2 bullfrogs
  Dowan (D:4)
  A centaur (D:5)
  2 orc priests (D:5)
  A howler monkey (D:4)
  3 hounds
  5 orc wizards
  4 worker ants (D:4)
  A worker ant zombie (D:5)
  Robin (D:5)
  9 gnolls (D:3)
  4 adders
  A shadow imp (D:5)
  An ooze (D:2)
  2 adder skeletons (D:4)
  2 worms (D:3)
  2 dart slugs
  4 leopard geckos
  12 orcs
  4 giant cockroaches
  26 goblins
  26 hobgoblins
  5 jackals
  5 quokkas
  2 ball pythons
  4 bats (D:2)
  7 frilled lizards
  A jackal skeleton (D:5)
  17 kobolds
  6 rats
  A spectral hobgoblin (D:3)
175 creatures vanquished.

Vanquished Creatures (collateral kills)
  2 kobold brigands (D:3)
  A gnoll (D:3)
  A kobold (D:3)
4 creatures vanquished.

Grand Total: 179 creatures vanquished

Notes
Turn   | Place    | Note
-------+----------+-------------------------------------------
     0 | D:1      | kosoiffoigrumme1174 the Vine Stalker Chaos Knight began the
                  | quest for the Orb.
     0 | D:1      | Reached XP level 1. HP: 13/13 MP: 2/2
    50 | D:1      | Reached skill level 1 in Stealth
    99 | D:1      | Reached skill level 2 in Stealth
   103 | D:1      | Reached XP level 2. HP: 18/18 MP: 3/3
   235 | D:1      | Reached skill level 3 in Stealth
   247 | D:1      | XOM: cloud trail
   471 | D:1      | XOM: cloud trail
   485 | D:1      | XOM: divination: detect items
   495 | D:1      | Found a sparkling altar of Nemelex Xobeh.
   610 | D:1      | XOM: harmless Conj miscast
   624 | D:2      | XOM: noise
   631 | D:2      | Reached XP level 3. HP: 21/22 MP: 4/4
   641 | D:2      | Reached skill level 4 in Stealth
  1131 | D:2      | XOM: summons 3 hostile shadow creatures
  1165 | D:2      | Got a fine iron amulet
  1217 | D:2      | XOM: give mutation
  1217 | D:2      | Gained mutation: You have sharp toenails. [Xom's mischief]
  1269 | D:2      | XOM: noise
  1359 | D:2      | Reached skill level 5 in Stealth
  1390 | D:2      | Found a glowing golden altar of the Shining One.
  1393 | D:2      | Found a shimmering altar of Xom.
  1399 | D:2      | Found a radiant altar of Vehumet.
  1609 | D:3      | Found a hazy altar of Hepliaklqana.
  1610 | D:3      | XOM: harmless Ice miscast
  1615 | D:3      | Reached XP level 4. HP: 27/27 MP: 5/5
  1773 | D:3      | XOM: 6-stop teleportation journey
  1796 | D:3      | XOM: cloud trail
  1840 | D:3      | Found a shimmering blue altar of Sif Muna.
  1853 | D:3      | XOM: smoke on damage
  1857 | D:3      | XOM: smoke on damage
  1875 | D:3      | Reached skill level 6 in Stealth
  1925 | D:3      | Reached XP level 5. HP: 31/31 MP: 6/6
  1960 | D:3      | Reached skill level 7 in Stealth
  2116 | D:3      | Identified the cursed amulet of the Firefly {Inacc MR+}
                  | (You found it on level 2 of the Dungeon)
  2296 | D:3      | XOM: god gift: ration
  2419 | D:3      | Reached skill level 8 in Stealth
  2465 | D:3      | Gained mutation: You have razor-sharp teeth. [Vine Stalker
                  | growth]
  2465 | D:3      | Reached XP level 6. HP: 36/36 MP: 7/7
  2549 | D:3      | XOM: scenery: 1 doors close
  2552 | D:3      | Reached skill level 1 in Unarmed Combat
  2566 | D:3      | XOM: summons friendly iron imp
  2645 | D:3      | Reached XP level 7. HP: 35/40 MP: 8/8
  2790 | D:3      | Reached skill level 9 in Stealth
  3241 | D:4      | XOM: 8-stop teleportation journey
  3251 | D:4      | XOM: cleaving
  3254 | D:4      | Noticed Eustachio
  3254 | D:4      | XOM: enchant monster (good)
  3263 | D:4      | Reached skill level 10 in Stealth
  3266 | D:3      | XOM: cast spell 'Alistair's Intoxication'
  3314 | D:4      | Noticed Duvessa
  3314 | D:4      | Noticed Dowan
  3314 | D:4      | Noticed Menkaure
  3319 | D:4      | Killed Menkaure
  3407 | D:4      | XOM: confuse monster(s)
  3407 | D:4      | Noticed Pikel
  3408 | D:4      | XOM: enchant monster (good)
  3415 | D:4      | XOM: cast spell 'Call Canine Familiar'
  3419 | D:4      | XOM: divination: detect creatures
  3423 | D:4      | XOM: confuse monster(s)
  3425 | D:4      | Killed Pikel
  3426 | D:4      | Reached skill level 12 in Stealth
  3426 | D:4      | Gained mutation: Your bite disrupts and absorbs the magic
                  | of your enemies. [Mana Stalker growth]
  3426 | D:4      | Gained mutation: You are resistant to hostile enchantments.
                  | (MR+) [Mana Stalker growth]
  3426 | D:4      | Reached XP level 8. HP: 40/45 MP: 8/9
  3444 | D:4      | Killed Eustachio
  3445 | D:4      | Reached skill level 1 in Short Blades
  3565 | D:4      | XOM: polymorph sky beast -> kobold
  3566 | D:4      | XOM: enchant monster (good)
  3586 | D:4      | Reached skill level 5 in Unarmed Combat
  3586 | D:4      | Reached XP level 9. HP: 49/49 MP: 10/10
  3605 | D:4      | XOM: god gift: ration
  3622 | D:4      | Killed Duvessa
  3632 | D:4      | Killed Dowan
  3685 | D:4      | Found a corrupted altar of Lugonu.
  3694 | D:4      | Found an ornate altar of the Wu Jian Council.
  3703 | D:4      | Found a blossoming altar of Fedhas.
  3712 | D:4      | Found a burning altar of Makhleb.
  3784 | D:4      | Identified the Incunabulum of Gliding Earth
  3812 | D:4      | XOM: give mutations
  3812 | D:4      | Gained mutation: You have razor-sharp toenails. [Xom's
                  | grace]
  3812 | D:4      | Gained mutation: You possess an exceptional clarity of
                  | mind. [Xom's grace]
  3812 | D:4      | Gained mutation: You can translocate small distances at
                  | will. [Xom's grace]
  3980 | D:5      | Entered Level 5 of the Dungeon
  4265 | D:5      | Noticed Robin
  4269 | D:5      | XOM: smoke on damage
  4282 | D:5      | Killed Robin
  4310 | D:5      | XOM: scenery: create altars
  4380 | D:5      | XOM: medium Pois miscast
  4389 | D:5      | XOM: cast spell 'Metabolic Englaciation'
  4394 | D:5      | XOM: blink monster(s)
  4785 | D:6      | XOM: medium Summ miscast
  4786 | D:6      | Noticed a soul eater
  4798 | D:6      | Killed from afar by a soul eater

Skill      XL: |  1  2  3  4  5  6  7  8  9 |
---------------+----------------------------+-----
Stealth        | 2 3 5 6 8 12 | 12.8
Unarmed Combat | 2 5 7 |  7.2
Short Blades   | 1 4 |  4.0
Fighting       | |  2.6
Axes           | |  2.6
Armour         | |  0.7
Dodging        | |  2.1

Action                   |  1- 3 |  4- 6 |  7- 9 || total
-------------------------+-------+-------+-------++-------
Melee: Hand axe          |   102 |    47 |   140 ||   289
       Bite              |    10 |     2 |    40 ||    52
       Kick              |     1 |    13 |    52 ||    66
       Punch             |       |       |     6 ||     6
       Dagger            |       |       |    36 ||    36
 Fire: Hunting sling     |     7 |   114 |   123 ||   244
 Abil: Blink             |       |       |     2 ||     2
Evoke: Wand              |       |       |     3 ||     3
  Use: Scroll            |       |     5 |     2 ||     7
       Potion            |       |       |     5 ||     5
 Stab: Petrified         |     2 |       |     4 ||     6
       Sleeping          |     2 |       |       ||     2
       Petrifying        |       |       |     1 ||     1
       Paralysed         |       |       |     3 ||     3
       Confused          |       |       |     2 ||     2
  Eat: Chunk             |     4 |     6 |    17 ||    27
       Ration            |       |     1 |     2 ||     3
Armor: Leather armour    |    32 |    48 |    95 ||   175
Dodge: Dodged            |    59 |    78 |   119 ||   256
